 Dungeon Crawl Stone Soup version 0.26.1-11-gd32895ea62 (webtiles) character file.

Game seed: 8096893657188551615

86 H0rd4k the Insei (level 4, -2/28 HPs)
             Began as an Octopode Transmuter on June 2, 2021.
             Killed from afar by an orc wizard (7 damage)
             ... with a magic dart
             ... on level 3 of the Dungeon.
             The game lasted 00:01:28 (2434 turns).

H0rd4k the Insei (Octopode Transmuter)              Turns: 2434, Time: 00:01:28

Health: -2/28      AC:  1    Str:  9    XL:     4   Next: 49%
Magic:  7/7        EV: 13    Int: 16    God:
Gold:   77         SH:  0    Dex: 12    Spells: 3/7 levels left

rFire    . . .     SeeInvis .     - Unarmed
rCold    . . .     Faith    .   (no shield)
rNeg     + . .     Spirit   .   (helmet restricted)
rPois    .         Reflect  .   (no amulet)
rElec    .         Harm     .   e - ring of positive energy
rCorr    .         Rampage  .   g - ring of wizardry
Will     .....                  (no ring)
Stlth    ++........             (no ring)
HPRegen  0.09/turn              (no ring)
MPRegen  0.10/turn              (no ring)
                                (no ring)
                                (no ring)

@: lethally poisoned (-2 -> -7)
A: almost no armour, stealthy swim, amphibious, 8 rings, constrict 8, camouflage
1, gelatinous body 1
a: no special abilities


You were on level 3 of the Dungeon.
You visited 1 branch of the dungeon, and saw 3 of its levels.

You collected 77 gold pieces.

Inventory:

Missiles
 i - 7 poisoned darts
Jewellery
 e - a ring of positive energy (left tentacle)
 g - a ring of wizardry (right tentacle)
Scrolls
 d - a scroll of immolation {unknown}
 f - 2 scrolls of identify {unknown}
 j - a scroll of fear {unknown}
Potions
 a - a potion of heal wounds {unknown}
 b - a potion of degeneration {unknown}
 c - a potion of invisibility {unknown}
 h - a potion of haste {unknown}


   Skills:
 + Level 1.1 Fighting
 + Level 2.4 Dodging
 + Level 4.1 Unarmed Combat
 * Level 2.4 Spellcasting
 * Level 2.4 Transmutations
 * Level 0.9 Poison Magic


You had 3 spell levels left.
You knew the following spells:

 Your Spells              Type           Power        Failure   Level
a - Beastly Appendage     Tmut           18%          2%          1
b - Spider Form           Tmut/Pois      3%           12%         3

Your spell library contained the following spells:

 Spells                   Type           Power        Failure   Level
 Wereblood                Tmut           9%           4%          2
 Ice Form                 Ice/Tmut       5%           41%         4
 Blade Hands              Tmut           4%           58%         5


Dungeon Overview and Level Annotations

Branches:
Dungeon (3/15)

Altars:
Hepliaklqana
Sif Muna

Annotations:
D:3 Ijyb


Innate Abilities, Weirdness & Mutations

You cannot wear most types of armour.
You are very stealthy in the water. (Stealth+)
You are amphibious.
You can wear up to eight rings at the same time.
You can use your tentacles to constrict eight enemies at once.
Your skin changes colour to match your surroundings (Stealth+).
Your rubbery body absorbs attacks. (AC +1, EV +1)


Message History

The puff of flame hits you!
The kobold shouts!
You tentacle-slap the orc wizard. Your grab misses the orc wizard.
The orc wizard is moderately wounded.
The kobold throws a poisoned dart.
The poisoned dart hits you!
You are poisoned.
You feel sick.
The orc wizard casts a spell.
The orc wizard seems to speed up.
You feel sick.
The orc wizard gestures at you while chanting.
The puff of frost hits you!
* * * LOW HITPOINT WARNING * * *
* * * LOW HITPOINT WARNING * * *
You feel sick.
* * * LOW HITPOINT WARNING * * *
You feel sick.
The orc wizard points at you and mumbles some strange words.
The magic dart hits you!
You die...

..> #. .# #>#
. ## .# #.#
.###.#
####..###.##
#.<..........
#
#.##.##..####
.. # #.#..#
.##
#.$##.##...##
#
.......@.###
......##o# .
###.....o#
..#
##.##.###..#
##K....#
#.(..###
#........#
..w.....#..
..........<#


You could see an orc wizard (fast) and an orc.

Vanquished Creatures
  Terence (D:3)
  An adder (D:2)
  2 dart slugs (D:2)
  An orc (D:2)
  8 bats
  A giant cockroach (D:2)
  8 goblins
  6 hobgoblins
  5 jackals
  A ball python (D:1)
  A frilled lizard (D:1)
  3 kobolds
  6 rats
44 creatures vanquished.

Notes
Turn   | Place    | Note
-------+----------+-------------------------------------------
     0 | D:1      | H0rd4k the Octopode Transmuter began the quest for the Orb.
     0 | D:1      | Reached XP level 1. HP: 13/13 MP: 3/3
   275 | D:1      | Reached XP level 2. HP: 16/18 MP: 5/5
   939 | D:1      | Reached XP level 3. HP: 20/23 MP: 6/6
   948 | D:1      | Learned a level 3 spell: Spider Form
  1602 | D:2      | Found a hazy altar of Hepliaklqana.
  1694 | D:3      | Noticed Terence
  1707 | D:3      | Killed Terence
  1708 | D:3      | Reached skill level 4 in Unarmed Combat
  1708 | D:3      | Reached XP level 4. HP: 15/28 MP: 3/7
  2090 | D:2      | Found a shimmering blue altar of Sif Muna.
  2399 | D:3      | Noticed Ijyb
  2434 | D:3      | Killed from afar by an orc wizard

Illustrated notes

Levels and vault maps discovered:
D:1:      minmay_arrival_stair_chambers, layout_basic
D:2:      layout_loops_ring, nzn_hepliaklqana_mist_gate, lemuel_blue_sif_altar,
          chequers_decorated_corner, minmay_tromino_i2
D:3:      layout_rooms, nemelex_xobeh_ov_fountains_minmay, hangedman_ru_absence,
          minmay_circle_x, uniq_ijyb, uniq_crazy_yiuf_cottage, uniq_terence

Skill      XL: |  1  2  3 |
---------------+----------+-----
Unarmed Combat | 4 |  4.1
Fighting       | |  1.1
Dodging        | |  2.4
Spellcasting   | |  2.4
Transmutations | |  2.4
Poison Magic   | |  0.9

Action                   |  1- 3 |  4- 6 || total
-------------------------+-------+-------++-------
Melee: Unarmed           |    83 |    25 ||   108
       Constrict         |    21 |     7 ||    28
       Tentacles         |    11 |     2 ||    13
       Punch             |     1 |       ||     1
 Cast: Spider Form       |     1 |       ||     1
 Stab: Sleeping          |     6 |     3 ||     9
Armor: Skin              |    10 |     3 ||    13
Dodge: Dodged            |    49 |    14 ||    63
